 Dungeon Crawl Stone Soup version 0.27.1-15-g792fb953b9 (webtiles) character file.

Game seed: 16050991380683312445

409 bearlyready the Grave Robber (level 6, -4/41 HPs)
             Began as a Mummy Necromancer on Nov 19, 2021.
             Was an Initiate of Nemelex Xobeh.
             Slain by Edmund (14 damage)
             ... on level 5 of the Dungeon on Nov 20, 2021.
             The game lasted 00:13:34 (7075 turns).

bearlyready the Grave Robber (Mummy Necromancer)    Turns: 7075, Time: 00:13:35

Health: -4/41      AC:  4    Str: 12    XL:     6   Next: 58%
Magic:  0/10       EV: 11    Int: 16    God:    Nemelex Xobeh [......]
Gold:   229        SH:  0    Dex: 12    Spells: 6/11 levels left

rFire    x . .     SeeInvis +   f - +2 dagger (venom)
rCold    + . .     Faith    .   (no shield)
rNeg     + + +     Spirit   .   e - +0 leather armour
rPois    ∞         Reflect  .   (no helmet)
rElec    .         Harm     .   (no cloak)
rCorr    .         Rampage  .   i - +0 pair of gloves
Will     .....                  (no boots)
Stlth    +.........             (no amulet)
HPRegen  0.13/turn              j - ring of see invisible
MPRegen  0.12/turn              (no ring)

@: no status effects
A: cold resistance 1, negative energy resistance 3, torment resistance 2, heat
vulnerability 1, no potions
a: Renounce Religion, Draw Escape, Draw Destruction, Draw Summoning


You were on level 5 of the Dungeon.
You worshipped Nemelex Xobeh.
Nemelex Xobeh was noncommittal.
You visited 2 branches of the dungeon, and saw 6 of its levels.
You also visited: Sewer.

You collected 229 gold pieces.

Inventory:

Hand Weapons
 b - a +0 dagger
 f - a +2 dagger of venom (weapon)
Missiles
 d - 8 boomerangs
Armour
 a - a +0 robe
 e - a +0 leather armour (worn)
 i - a +0 pair of gloves (worn)
Jewellery
 j - a ring of see invisible (left hand)
 n - an amulet of magic regeneration
 o - a ring of magical power
Wands
 h - a wand of flame (18)
 m - a wand of digging (7)
Scrolls
 c - 3 scrolls of identify
 g - 3 scrolls of teleportation
 k - a scroll of magic mapping {unknown}
 l - 2 scrolls of vulnerability {unknown}


   Skills:
 + Level 2.4 Short Blades
 - Level 1.5 Dodging
 - Level 1.5 Stealth
 - Level 3.1 Spellcasting
 + Level 7.1 Necromancy
 + Level 0.0 Invocations


You had 6 spell levels left.
You knew the following spells:

 Your Spells              Type           Power      Damage    Failure   Level
a - Pain                  Necr           100%       1d9       1%          1
b - Animate Skeleton      Necr           50%        N/A       1%          1
c - Vampiric Draining     Necr           12%        2d7       3%          3

Your spell library contained the following spells:

 Spells                   Type           Power      Damage    Failure   Level
 Animate Dead             Necr           12%        N/A       12%         4
 Agony                    Necr           25%        N/A       34%         5
 Excruciating Wounds      Necr           12%        N/A       34%         5
 Tukima's Dance           Hex            2%         N/A       56%         3
 Passage of Golubria      Tloc           N/A        N/A       93%         4
 Yara's Violent Unravell  Hex/Tmut       1%         3d3       100%        5


Dungeon Overview and Level Annotations

Branches:
Dungeon (5/15)             Temple (1/1) D:4           Sewer (visited)

Altars:
Ashenzari
Cheibriados
Dithmenos
Elyvilon
Hepliaklqana
Kikubaaqudgha
Nemelex Xobeh
Qazlal
Ru
Trog
Uskayaw
Vehumet
Wu Jian
Xom
Yredelemnul
Zin

Shops:
D:2 [

Annotations:
D:5 Edmund


Innate Abilities, Weirdness & Mutations

You are immune to poison.
Your flesh is cold resistant. (rC+)
You are immune to negative energy. (rN+++)
You are immune to unholy pain and torment.
You are vulnerable to heat. (rF-)
You do not drink.


Message History

Aiming: Pain (safe; 1% risk of failure)
Press: ? - help, Shift-Dir - straight line, f/p - Edmund
Aim: Edmund, wielding a +5 flail of holy wrath and wearing a +0 scale mail (lightly wounded, chance to affect: 84%) Edmund writhes in agony.
A scorpion comes into view.
Casting: Pain (safe; 1% risk of failure)
Confirm with . or Enter, or press ? or * to list all spells.
Aiming: Pain (safe; 1% risk of failure)
Press: ? - help, Shift-Dir - straight line, f/p - Edmund
Aim: Edmund, wielding a +5 flail of holy wrath and wearing a +0 scale mail (lightly wounded, chance to affect: 84%) Edmund barely resists.
Casting: Pain (safe; 1% risk of failure)
Confirm with . or Enter, or press ? or * to list all spells.
Aiming: Pain (safe; 1% risk of failure)
Press: ? - help, Shift-Dir - straight line, f/p - Edmund
Aim: Edmund, wielding a +5 flail of holy wrath and wearing a +0 scale mail (lightly wounded, chance to affect: 84%) Edmund barely resists.
Casting: Pain (safe; 1% risk of failure)
Confirm with . or Enter, or press ? or * to list all spells.
There is nothing nearby to animate!
Unknown command.
Casting: Animate Skeleton (safe; 1% risk of failure)
Confirm with . or Enter, or press ? or * to list all spells.
Aiming: Vampiric Draining (dangerous; 3% risk of failure)
Press: ? - help, Shift-Dir - straight line, f/p - Edmund
Aim: Edmund, wielding a +5 flail of holy wrath and wearing a +0 scale mail (lightly wounded)
You draw life force from Edmund.
Edmund hits you with a +5 flail of holy wrath!
You convulse!
Casting: Vampiric Draining (dangerous; 3% risk of failure)
Confirm with . or Enter, or press ? or * to list all spells.
Aiming: Vampiric Draining (dangerous; 3% risk of failure)
Press: ? - help, Shift-Dir - straight line, f/p - Edmund
Aim: Edmund, wielding a +5 flail of holy wrath and wearing a +0 scale mail (lightly wounded)
You draw life force from Edmund!
You feel life coursing into your body.
Edmund hits you with a +5 flail of holy wrath!
* * * LOW HITPOINT WARNING * * *
You convulse!
You die...
Your body disappears without a glow.

#.. #.........
##..##...........
....#...........
#..............
##.............(
#...............
#..............
#..#...........
#####..@@s.....
#.....#......
#........# .....
#..#....... >##.
## ##...#...>.#
##....#....<
....##.....
###... ..# ##..
##


You could see Edmund and a scorpion.

Vanquished Creatures
  An ogre (D:4)
  A scorpion (D:3)
  A merfolk siren (Sewer)
  A merfolk avatar (Sewer)
  7 adders
  3 river rats
  An ufetubus (D:3)
  3 worms
  2 dart slugs
  2 orcs (D:4)
  7 bats
  11 endoplasms
  3 giant cockroaches
  5 goblins
  5 hobgoblins
  7 quokkas
  12 ball pythons
  9 frilled lizards
  11 kobolds
  31 rats
123 creatures vanquished.

Notes
Turn   | Place    | Note
-------+----------+-------------------------------------------
     0 | D:1      | bearlyready the Mummy Necromancer began the quest for the
                  | Orb.
     0 | D:1      | Reached XP level 1. HP: 13/13 MP: 4/4
   288 | D:1      | Reached XP level 2. HP: 13/19 MP: 0/6
   889 | D:1      | Reached XP level 3. HP: 24/24 MP: 7/7
  1844 | D:2      | Found Pabut's Antique Armour Shoppe.
  1983 | D:2      | Reached skill level 5 in Necromancy
  2483 | D:2      | HP: 1/24 [ufetubus (2)]
  3262 | D:3      | Found an ornate altar of the Wu Jian Council.
  3528 | D:3      | Reached XP level 4. HP: 21/30 MP: 4/8
  3705 | D:3      | Noticed a scorpion
  3717 | D:3      | Killed a scorpion
  3718 | D:3      | Reached skill level 6 in Necromancy
  3721 | D:3      | Learned a level 1 spell: Animate Skeleton
  3725 | D:3      | Learned a level 3 spell: Vampiric Draining
  3845 | D:3      | Found a snail-covered altar of Cheibriados.
  3871 | D:3      | Reached XP level 5. HP: 33/35 MP: 4/9
  3988 | D:3      | Found a stormy altar of Qazlal.
  5138 | D:4      | Found a glowing drain.
  5143 | Sewer    | Entered a sewer
  5215 | Sewer    | Reached skill level 1 in Short Blades
  5425 | Sewer    | Reached XP level 6. HP: 32/41 MP: 10/10
  5843 | D:4      | Found a staircase to the Ecumenical Temple.
  6378 | D:4      | Reached skill level 7 in Necromancy
  6554 | D:4      | Found a sacrificial altar of Ru.
  6670 | Temple   | Entered the Ecumenical Temple
  7011 | Temple   | Became a worshipper of Nemelex Xobeh the Trickster
  7062 | D:5      | Entered Level 5 of the Dungeon
  7068 | D:5      | Noticed Edmund
  7075 | D:5      | Slain by Edmund

Illustrated notes

Levels and vault maps discovered:
D:1:      amcnicky_arrival_blooded_trapdoor, layout_basic, serial_glass,
          glass_columns_b, glass_columns_a, glass_columns_b, glass_columns_a,
          glass_columns_a, glass_columns_c, glass_columns_c, glass_columns_b,
          glass_columns_c, glass_columns_b, glass_columns_a, glass_columns_b,
          glass_columns_a, glass_columns_a, ebering_dispersal_statue_hall
D:2:      layout_loops_corners, serial_shops, nicolae_shop_overgrown_old_shop
D:3:      layout_basic, old_standard_altar, mainiacjoe_overflow_24_doors,
          mainiacjoe_overflow_cross_hatched
D:4:      layout_rooms, nicolae_ru_the_path_less_chosen, marbit_many_paths,
          temple_pool_b, gup_sewer_entry_bowl, mrwooster_statue_mirror
D:5:      minmay_goblin_kobold_castle, layout_cave_pools, serial_shops,
          nicolae_inconvenience_store, uniq_pikel, uniq_edmund
Temple:   minmay_temple_curvy_loop

Skill      XL: |  1  2  3  4  5  6 |
---------------+-------------------+-----
Spellcasting   | 3 |  3.1
Necromancy     | 5 6 7 |  7.1
Short Blades   | 1 2 |  2.4
Dodging        | |  1.5
Stealth        | |  1.5

Action                   |  1- 3 |  4- 6 || total
-------------------------+-------+-------++-------
Melee: Dagger            |    99 |   204 ||   303
       Unarmed           |     2 |       ||     2
 Cast: Pain              |    72 |    36 ||   108
       Vampiric Draining |       |     2 ||     2
       Animate Skeleton  |       |     1 ||     1
Evoke: Wand              |       |     6 ||     6
  Use: Scroll            |     4 |       ||     4
 Stab: Sleeping          |     3 |     6 ||     9
Armor: Robe              |    25 |       ||    25
       Leather armour    |    12 |    77 ||    89
Dodge: Dodged            |   117 |   170 ||   287
